 Dungeon Crawl Stone Soup version 0.19-a0-1888-g6ba2374 (webtiles) character file.

1271 Naow the Cleaver (level 8, -4/58 HPs)
             Began as a Formicid Fighter on Oct 17, 2016.
             Slain by an ice beast (12 damage)
             ... on level 6 of the Dungeon.
             The game lasted 00:05:22 (4952 turns).

Naow the Cleaver (Formicid Fighter)                 Turns: 4952, Time: 00:05:22

Health: -4/58      AC:  6    Str: 24    XL:     8   Next: 83%
Magic:  8/8        EV:  9    Int:  7    God:
Gold:   220        SH: 11    Dex: 10    Spells: 0 memorised, 7 levels left

rFire  . . .     SeeInvis +     a - +0 war axe
rCold  . . .     Gourm    +     b - +0 scale mail
rNeg   . . .     Faith    .     c - +0 shield
rPois  .         Spirit   .     (helmet unavailable)
rElec  .         Dismiss  .     (no cloak)
rCorr  +         Reflect  .     (no gloves)
MR     .....     Harm     .     (no boots)
Stlth  ..........               A - amulet of the gourmand
                                (no ring)
                                s - ring of resist corrosion

@: no status effects
A: permanent stasis, dig shafts and tunnels, four strong arms, antennae 3
a: Dig, Shaft Self


You were on level 6 of the Dungeon.
You were full.

You visited 1 branch of the dungeon, and saw 6 of its levels.

You collected 220 gold pieces.

Inventory:

Hand Weapons
 a - a +0 war axe (weapon)
Armour
 b - a +0 scale mail (worn)
 c - a +0 shield (worn)
Jewellery
 s - a ring of resist corrosion (left hand)
 A - an amulet of the gourmand (around neck)
Scrolls
 h - 8 scrolls of identify {unknown}
 i - 2 scrolls of fear {unknown}
 j - 3 scrolls of enchant armour {unknown}
 k - 2 scrolls of fog {unknown}
 n - 3 scrolls of remove curse {unknown}
 o - 3 scrolls of immolation {unknown}
 q - 2 scrolls of noise {unknown}
 t - 2 scrolls of random uselessness {unknown}
 w - a scroll of amnesia {unknown}
 y - a scroll of teleportation {unknown}
Potions
 d - 2 potions of might
 e - 4 potions of agility {unknown}
 g - a potion of curing {unknown}
 m - 2 potions of mutation {unknown}
 p - a potion of invisibility {unknown}
 r - a potion of haste {unknown}
 u - a potion of lignification {unknown}
 x - a potion of heal wounds {unknown}
 z - a potion of degeneration {unknown}
Comestibles
 f - 6 bread rations
 l - 2 slices of pizza
 v - 3 beef jerkies
 B - a meat ration


   Skills:
 - Level 3.2 Fighting
 - Level 8.2 Axes
 - Level 3.2 Armour
 + Level 8.2 Shields


You had 7 spell levels left.
You didn't know any spells.

Dungeon Overview and Level Annotations

Branches:
Dungeon (6/15)             Temple (0/1) D:5

Altars:
Kikubaaqudgha
Qazlal
Ru
Vehumet
Zin


Innate Abilities, Weirdness & Mutations

You are under a permanent stasis effect.
You can dig through walls and to a lower floor.
Your four strong arms can wield two-handed weapons with a shield.
You have a pair of large antennae on your head. (SInv)


Message History

The ice beast closely misses you.
You barely miss the ice beast.
The ice beast is severely wounded.
You block the ice beast's attack.
You closely miss the ice beast.
The ice beast is severely wounded.
The ice beast hits you. The ice beast freezes you!
* * * LOW HITPOINT WARNING * * *
The phantom blinks!
You are too injured to fight recklessly!
Unknown command.
You closely miss the ice beast.
The ice beast is severely wounded.
The ice beast barely misses you.
You barely miss the ice beast.
The ice beast is severely wounded.
The ice beast hits you.
* * * LOW HITPOINT WARNING * * *
The ice beast freezes you!
You die...

#..'..........# ###########
#.##..........#
##.........####.#############
........[..............
...........#+#...#+####
##........##.#...# #
#.......##..#####..# {
#......##...........
#......'...♣@.<..♣..
+......##...Y....W..
#.......##..#####..# ######+#
##.# ## #.# ... {{ { ....
......


You could see a phantom and an ice beast.

Vanquished Creatures
  Grinder (D:3)
  Sigmund (D:2)
  An ogre (D:5)
  The ghost of Promi the Skirmisher, an amateur DgWn (D:3)
  A water moccasin skeleton (D:5)
  A scorpion (D:4)
  2 howler monkeys (D:4)
  A jelly (D:6)
  An orc priest (D:5)
  A centaur skeleton (D:5)
  2 hounds
  Jessica (D:3)
  Natasha (D:3)
  2 orc wizards (D:5)
  4 worker ants
  A hound skeleton (D:4)
  Robin (D:3)
  3 gnolls (D:2)
  4 adders
  A shadow imp (D:5)
  An adder zombie (D:5)
  2 worms
  A dart slug (D:4)
  2 leopard geckos
  15 orcs
  6 bats
  3 bat skeletons (D:2)
  2 bat zombies (D:2)
  5 giant cockroaches
  16 goblins
  11 hobgoblins
  5 jackals (D:5)
  3 quokkas
  3 ball pythons
  4 frilled lizards
  2 jackal zombies
  12 kobolds
  7 rats
  A plant (D:1)
132 creatures vanquished.

Notes
Turn   | Place    | Note
-------+----------+-------------------------------------------
     0 | D:1      | Naow the Formicid Fighter began the quest for the Orb.
     0 | D:1      | Reached XP level 1. HP: 18/18 MP: 1/1
   210 | D:1      | Reached XP level 2. HP: 24/24 MP: 2/2
   505 | D:1      | Reached XP level 3. HP: 27/29 MP: 3/3
   910 | D:2      | Noticed Sigmund
   920 | D:2      | Killed Sigmund
   920 | D:2      | Reached skill level 5 in Axes
   920 | D:2      | Reached XP level 4. HP: 18/35 MP: 4/4
   920 | D:2      | Reached XP level 5. HP: 21/41 MP: 5/5
   920 | D:2      | Reached XP level 6. HP: 25/47 MP: 6/6
  1351 | D:2      | Found an ancient bone altar of Kikubaaqudgha.
  1571 | D:3      | Found a stormy altar of Qazlal.
  1571 | D:3      | Noticed Robin
  1571 | D:3      | Noticed Jessica
  1576 | D:3      | Noticed Promi's ghost (amateur DgWn)
  1576 | D:3      | Killed Jessica
  1787 | D:3      | Killed Promi's ghost
  1787 | D:3      | Reached XP level 7. HP: 31/52 MP: 7/7
  1791 | D:3      | Killed Robin
  2548 | D:3      | Noticed Grinder
  2562 | D:3      | Killed Grinder
  2861 | D:4      | Noticed Natasha
  2882 | D:3      | Killed Natasha
  2882 | D:3      | Reached XP level 8. HP: 27/58 MP: 8/8
  3232 | D:4      | Found a sacrificial altar of Ru.
  3497 | D:4      | Reached skill level 5 in Shields
  4006 | D:4      | Found a glowing silver altar of Zin.
  4136 | D:5      | Entered Level 5 of the Dungeon
  4473 | D:5      | Found a radiant altar of Vehumet.
  4595 | D:5      | Found a staircase to the Ecumenical Temple.
  4952 | D:6      | Slain by an ice beast

Vault maps used:
D:1:      dpeg_arrival_short_road, minmay_misc_feat_x, minivault_26,
          lexackson_kobold_supper
D:2:      kennysheep_vampire_church, uniq_sigmund
D:3:      overflow_temple_1_default, first_bread, uniq_grinder, uniq_robin,
          uniq_jessica
D:4:      lemuel_crystal_altar, hangedman_ru_absence, uniq_natasha
D:5:      kennysheep_mini, nicolae_overflow_hidden_temple, eino_tiny_chamber,
          hangedman_decor_lopped
D:6:      lemuel_doored_altar, grunt_ministairs_15, minmay_ogre_servants,
          uniq_crazy_yiuf_cottage

Skill      XL: |  1  2  3  4  5  6  7  8 |
---------------+-------------------------+-----
Axes           | 3 5 6 8 |  8.2
Shields        | 4 8 |  8.2
Fighting       | |  3.2
Armour         | |  3.2

Action                   |  1- 3 |  4- 6 |  7- 9 || total
-------------------------+-------+-------+-------++-------
Melee: War axe           |    95 |    80 |   277 ||   452
  Use: Potion            |     1 |       |       ||     1
  Eat: Chunk             |       |     3 |    19 ||    22
Armor: Scale mail        |    32 |    53 |    72 ||   157
Dodge: Dodged            |    27 |    26 |    98 ||   151
Block: Shield            |    38 |    67 |   133 ||   238
